 Dungeon Crawl Stone Soup version 0.27-a0-1228-gfd60fd639a (webtiles) character file.

Game seed: 890627473326756016

153 dickylongcocking the Magician (level 5, -5/37 HPs)
             Began as a Djinni Fire Elementalist on June 7, 2021.
             Slain by a gnoll
             ... wielding a +0 spear
              (7 damage)
             ... on level 4 of the Dungeon.
             The game lasted 00:02:31 (4885 turns).

dickylongcocking the Magician (DjFE)                Turns: 4885, Time: 00:02:32

Health: -5/37      AC:  2    Str:  8 (9)  XL:     5   Next: 61%
Gold:   122        EV:  7    Int: 15 (17) God:
                   SH:  0    Dex: 14 (16)

rFire    + + .     SeeInvis .   e - +0 trident
rCold    x . .     Faith    .   (no shield)
rNeg     . . .     Spirit   .   a - +0 robe
rPois    ∞         Reflect  .   (no helmet)
rElec    .         Harm     .   (no cloak)
rCorr    .         Rampage  .   (no gloves)
Will     .....     Clarity  +   (boots unavailable)
Stlth    ++........             (no amulet)
HPRegen  0.12/turn              (no ring)
MPRegen  0.00/turn              (no ring)

@: about to teleport, attractive, flying, held, hasted, very quick
A: sickness immunity, fire resistance 2, cold vulnerability 1, float, innate
caster, hp casting, extra vitality 1, agile 1, clarity, strong 1, subdued magic
1
a: no special abilities


You were on level 4 of the Dungeon.
You visited 1 branch of the dungeon, and saw 4 of its levels.

You collected 122 gold pieces.

Inventory:

Hand Weapons
 e - a +0 trident (weapon)
Armour
 a - a +0 robe (worn)
Scrolls
 b - a scroll of magic mapping {unknown}
 d - a scroll of brand weapon {unknown}
 f - a scroll of noise {unknown}
 i - a scroll of summoning {unknown}
Potions
 c - a potion of degeneration
 g - a potion of curing


   Skills:
 * Level 1.2 Fighting
 - Level 1.0 Polearms
 - Level 2.9 Dodging
 - Level 2.4 Stealth
 * Level 3.6 Spellcasting


You couldn't memorise any spells.
You knew the following spells:

 Your Spells              Type           Power      Damage    Failure   Level
a - Foxfire               Conj/Fire      40%        2x1d6     3%          1
b - Conjure Flame         Conj/Fire      10%        6-21      11%         3
c - Inner Flame           Hex/Fire       10%        N/A       11%         3
d - Sticky Flame          Conj/Fire      10%        2d3       34%         4
e - Fireball              Conj/Fire      5%         3d5       71%         5
f - Animate Skeleton      Necr           20%        N/A       3%          1
g - Call Imp              Summ           10%        N/A       4%          2
Your spell library was empty.

Dungeon Overview and Level Annotations

Branches:
Dungeon (4/15)
 Temple: D:4-7

Altars:
Fedhas
Qazlal
Zin

Shops:
D:1 [*


Innate Abilities, Weirdness & Mutations

You are immune to sickness and miasma.
You are immune to poison.
Your flesh is very heat resistant. (rF++)
You are vulnerable to cold. (rC-)
You float through the air rather than walking.
You learn spells naturally, not from books.
Your magical power is your life essence.
You have superior vitality. (+4 HP)
You are agile. (Dex +2)
You possess an exceptional clarity of mind.
Your muscles are strong. (Str +2)
Your spells are a little easier to cast, but a little less powerful.


Message History

There are monsters nearby!
You puncture the gnoll!
The gnoll is heavily wounded.
The gnoll hits you with a +0 club. The gnoll misses you.
You conjure some foxfire!
The gnoll hits you with a +0 club. The gnoll hits you with a +0 whip.
Your foxfire dissipates!
The foxfire hits the gnoll but does no damage.
The gnoll throws a throwing net.
The throwing net hits you.
You become entangled in the net!
You see here a throwing net.
You struggle against the net.
The gnoll hits you with a +0 club!
You struggle against the net.
The gnoll hits you with a +0 club.
Unknown command.
It was a potion of mutation.
You feel extremely strange.
You feel stronger.
Your connection to magic feels subdued.
You feel agile.
Your thoughts seem clearer.
It was a potion of haste.
You feel yourself speed up. The gnoll hits you with a +0 club.
The gnoll barely misses you.
Unknown command.
It was a potion of degeneration.
There was something very wrong with that liquid.
You feel weakened.
You feel dopey.
You feel clumsy. The gnoll hits you with a +0 club.
* * * LOW HITPOINT WARNING * * *
It was a potion of curing.
You feel better.
It was a potion of attraction.
You feel attractive to monsters. The gnoll hits you with a +0 club!
The gnoll hits you with a +0 club.
* * * LOW HITPOINT WARNING * * *
The gnoll hits you from afar with a +0 spear!
* * * LOW HITPOINT WARNING * * *
The gnoll is pulled toward you!
Unknown command.
Unknown command.
As you read the scroll labelled CUHOPOI TAKKOA, it crumbles to dust.
You feel strangely unstable.
It was a scroll of teleportation.
The gnoll completely misses you. The gnoll barely misses you.
The gnoll hits you with a +0 spear!
You die...

#.#.........##
.......).....##
....####[##...##
.........>.....#
....#####$[.?..#
####......#
........Sg##
#####..##g#
#.....g@#
#.##.##g# #.
#.##.# # #....#
###..# #.####..#
#.......#
######.## #.#


You could see 4 gnolls and a ball python.

Vanquished Creatures
  An iguana (D:3)
  An orc wizard (D:4)
  5 adders
  An adder skeleton (D:4)
  A worm (D:3)
  2 dart slugs (D:1)
  5 orcs
  4 bats
  3 endoplasms
  3 giant cockroaches
  6 goblins
  A hobgoblin (D:1)
  2 kobolds (D:1)
  A quokka (D:4)
  4 ball pythons (D:1)
  5 frilled lizards
  3 rats (D:1)
48 creatures vanquished.

Vanquished Creatures (others)
  196 foxfires
196 creatures vanquished.

Grand Total: 244 creatures vanquished

Notes
Turn   | Place    | Note
-------+----------+-------------------------------------------
     0 | D:1      | dickylongcocking the Djinni Fire Elementalist began the
                  | quest for the Orb.
     0 | D:1      | Reached XP level 1. HP: 15/15 MP: 0/0
     1 | D:1      | Noticed an electric eel
   164 | D:1      | Found a faded altar of an unknown god.
   550 | D:1      | Reached XP level 2. HP: 14/21 MP: 0/0
   730 | D:1      | Found Hennoox's Armour Boutique.
   942 | D:1      | Found Voceuph's Assorted Antiques.
  1179 | D:1      | Reached skill level 3 in Spellcasting
  1560 | D:1      | Reached XP level 3. HP: 25/25 MP: 0/0
  1560 | D:1      | Learned a level 1 spell: Animate Skeleton
  2202 | D:2      | You are sucked into a shaft and drop 1 floor!
  2822 | D:3      | Reached XP level 4. HP: 17/31 MP: 0/0
  3331 | D:3      | Reached skill level 1 in Fighting
  3398 | D:3      | Found a glowing silver altar of Zin.
  3611 | D:3      | Found a stormy altar of Qazlal.
  3649 | D:3      | Found a blossoming altar of Fedhas.
  3721 | D:3      | Reached XP level 5. HP: 7/37 MP: 0/0
  3721 | D:3      | Learned a level 2 spell: Call Imp
  4324 | D:4      | Reached skill level 1 in Polearms
  4880 | D:4      | Gained mutation: Your muscles are strong. (Str +2) [potion
                  | of mutation]
  4880 | D:4      | Gained mutation: Your spells are a little easier to cast,
                  | but a little less powerful. [potion of mutation]
  4880 | D:4      | Gained mutation: You are agile. (Dex +2) [potion of
                  | mutation]
  4880 | D:4      | Gained mutation: You possess an exceptional clarity of
                  | mind. [potion of mutation]
  4885 | D:4      | Slain by a gnoll

Illustrated notes

Levels and vault maps discovered:
D:1:      arrival_aquarium_a, layout_basic,
          hellmonk_ecumenical_altar_heavens_door, serial_shops, shop, shop,
          minmay_pentomino_q2
D:2:      minmay_door_path, layout_loops_corners
D:3:      layout_loops_ring, nicolae_qazlal_eye_of_the_storm,
          general_overflow_altar, marbit_many_paths
D:4:      layout_loops_cross, uniq_eustachio

Skill      XL: |  1  2  3  4  5 |
---------------+----------------+-----
Spellcasting   | 3 |  3.6
Stealth        | 2 |  2.4
Fighting       | 1 |  1.2
Polearms       | 1 |  1.0
Dodging        | |  2.9

Action                   |  1- 3 |  4- 6 || total
-------------------------+-------+-------++-------
Melee: Unarmed           |     8 |       ||     8
       Trident           |    30 |    35 ||    65
 Cast: Foxfire           |    88 |    41 ||   129
       Call Imp          |       |     5 ||     5
  Use: Potion            |       |     6 ||     6
       Scroll            |       |     1 ||     1
 Stab: Sleeping          |     1 |       ||     1
Armor: Robe              |     3 |     6 ||     9
Dodge: Dodged            |    35 |    27 ||    62

Table legend: (Time is in decaauts)
 A = Elapsed time spent in this place.
 B = Non-inter-level travel time spent in this place.
 C = Inter-level travel time spent in this place.
 D = Time resting spent in this place.
 E = Time spent auto-exploring this place.
 F = Levels seen in this place.
 G = Mean time per level.
                   A        B        C        D        E       F      G
               +--------+--------+--------+--------+--------+-----+--------+
         Total |   4902 |   4806 |     96 |    685 |   3631 |   4 | 1225.5 |
       Dungeon |   4902 |   4806 |     96 |    685 |   3631 |   4 | 1225.5 |
               +--------+--------+--------+--------+--------+-----+--------+

Top non-repeatable levels by time:
     D:3: 2519 daAuts
     D:1: 1833 daAuts
     D:2: 373 daAuts
     D:4: 176 daAuts
